| TOP OF THE 1ST |
|
Quincy Cubs batting - Pitching for Appleton Foxes : RHP George DeMaria
|
|
Pitching: RHP George DeMaria
|
|
|
Batting: RHB Alex Juarez
|
0-0: Swinging Strike 0-1: Ball 1-1: Fly out, F9 (Flyball, 9S, EV 90.6 MPH)
|
|
Batting: RHB Jack Ayer
|
0-0: Swinging Strike 0-1: Swinging Strike 0-2: Strikes out looking
|
|
Batting: RHB Charles Curry
|
0-0: SINGLE (Groundball, 56D, EV 106.9 MPH)
|
|
Batting: LHB Dennis Mork
|
0-0: Called Strike 0-1: Foul Ball, location: 2F 0-2: Ball 1-2: Ground out 4-3 (Groundball, 34, EV 79.4 MPH)
|
| Top of the 1st over - 0 runs, 1 hit, 0 errors, 1 left on base; Quincy 0 - Appleton 0 |
| BOTTOM OF THE 1ST |
|
Appleton Foxes batting - Pitching for Quincy Cubs : RHP Charles Lusted
|
|
Pitching: RHP Charles Lusted
|
|
|
Batting: LHB Mike Woodard
|
0-0: Fly out, F7 (Line Drive, 7, EV 96.9 MPH)
|
|
Batting: SHB Matt Gallegos
|
0-0: Fly out, F7 (Flyball, 78D, EV 93.8 MPH)
|
|
Batting: RHB Chris Brown
|
0-0: Ball 1-0: Ball 2-0: Ball 3-0: Called Strike 3-1: Ground out U3 (Groundball, 3, EV 90.0 MPH)
|
| Bottom of the 1st over - 0 runs, 0 hits, 0 errors, 0 left on base; Quincy 0 - Appleton 0 |
| TOP OF THE 2ND |
|
Quincy Cubs batting - Pitching for Appleton Foxes : RHP George DeMaria
|
|
Batting: RHB Jerry Fry
|
0-0: Ball 1-0: Foul Ball, location: 2F 1-1: Foul Ball, location: 2F 1-2: Strikes out swinging
|
|
Batting: RHB Billy Best
|
0-0: Called Strike 0-1: SINGLE (Line Drive, 56D, EV 108.1 MPH)
|
|
Batting: RHB Richard Palmer
|
0-0: Ball 1-0: Ball 2-0: Foul Ball, location: 2F 2-1: Fly out, F6 (Popup, 6M, EV 58.8 MPH)
|
|
Batting: RHB Roger Hansen
|
0-0: Foul Ball, location: 2F 0-1: Ball 1-1: Called Strike 1-2: Foul Ball, location: 2F 1-2: Ground out 6-3 (Groundball, P, EV 75.6 MPH)
|
| Top of the 2nd over - 0 runs, 1 hit, 0 errors, 1 left on base; Quincy 0 - Appleton 0 |
| BOTTOM OF THE 2ND |
|
Appleton Foxes batting - Pitching for Quincy Cubs : RHP Charles Lusted
|
|
Batting: RHB Randy Asadoor
|
0-0: Called Strike 0-1: Ball 1-1: Foul Ball, location: 2F 1-2: Foul Ball, location: 2F 1-2: DOUBLE (Flyball, 8LXD, EV 112.5 MPH)
|
|
Batting: RHB Victor Mata
|
0-0: Fly out, F7 (Flyball, 7LM, EV 81.3 MPH) Runner from 2nd tags up, SAFE at 3rd with throw by LF
|
|
Batting: LHB John Csefalvay
|
0-0: Ball 1-0: Swinging Strike 1-1: Ball 2-1: Ball 3-1: Called Strike 3-2: Base on Balls
|
|
Batting: RHB Howard Lopes
|
0-0: Ball 1-0: Ball 2-0: Grounds into double play, 4-6-3 (Groundball, 4M, EV 97.5 MPH)
|
| Bottom of the 2nd over - 0 runs, 1 hit, 0 errors, 1 left on base; Quincy 0 - Appleton 0 |
| TOP OF THE 3RD |
|
Quincy Cubs batting - Pitching for Appleton Foxes : RHP George DeMaria
|
|
Batting: RHB Garry Keeton
|
0-0: Called Strike 0-1: Ball 1-1: Ball 2-1: Fly out, F4 (Popup, 34, EV 70.0 MPH)
|
|
Batting: RHB Alex Juarez
|
0-0: Called Strike 0-1: Called Strike 0-2: Ball 1-2: Ground out 5-3 (Groundball, 5D, EV 87.5 MPH)
|
|
Batting: RHB Jack Ayer
|
0-0: Called Strike 0-1: Foul Ball, location: 2F 0-2: Fly out, F3 (Popup, 3F, EV 73.8 MPH)
|
| Top of the 3rd over - 0 runs, 0 hits, 0 errors, 0 left on base; Quincy 0 - Appleton 0 |
| BOTTOM OF THE 3RD |
|
Appleton Foxes batting - Pitching for Quincy Cubs : RHP Charles Lusted
|
|
Batting: RHB Mike Nipper
|
0-0: SINGLE (Groundball, 34D, EV 94.4 MPH)
|
|
Batting: RHB Philip Sutton
|
0-0: Called Strike 0-1: Ball 1-1: SINGLE (Line Drive, 89S, EV 86.9 MPH) Mike Nipper to second Runner from 2nd tries for 3rd, SAFE, throw by RF made to third
|
|
Batting: LHB Mike Woodard
|
0-0: Called Strike Philip Sutton steals 2nd base 0-1: Ball Wild Pitch! Mike Nipper scores Philip Sutton to third 1-1: Called Strike 1-2: Ground out 6-3 (Groundball, 56, EV 83.8 MPH) Philip Sutton scores
|
|
Batting: SHB Matt Gallegos
|
0-0: Ball 1-0: Ball 2-0: Foul Ball, location: 2F 2-1: Ball 3-1: Base on Balls
|
|
Batting: RHB Chris Brown
|
0-0: Called Strike 0-1: Ball 1-1: SINGLE (Line Drive, 7S, EV 99.4 MPH) Matt Gallegos to second Runner from 2nd tries for 3rd, SAFE, no throw by LF
|
|
Batting: RHB Randy Asadoor
|
0-0: Ball 1-0: Foul Ball, location: 2F 1-1: Ball 2-1: Foul Ball, location: 2F 2-2: Grounds into double play, 5-4-3 (Groundball, 56, EV 108.1 MPH)
|
| Bottom of the 3rd over - 2 runs, 3 hits, 0 errors, 1 left on base; Quincy 0 - Appleton 2 |
| TOP OF THE 4TH |
|
Quincy Cubs batting - Pitching for Appleton Foxes : RHP George DeMaria
|
|
Batting: RHB Charles Curry
|
0-0: Ball 1-0: Swinging Strike 1-1: Ball 2-1: Called Strike 2-2: Fly out, F6 (Flyball, 56D, EV 87.5 MPH)
|
|
Batting: LHB Dennis Mork
|
0-0: Ball 1-0: Ball 2-0: Ball 3-0: Base on Balls
|
|
Batting: RHB Jerry Fry
|
0-0: Ball 1-0: Ball 2-0: Ball 3-0: Called Strike 3-1: Base on Balls Dennis Mork to second
|
|
Batting: RHB Billy Best
|
0-0: Grounds into double play, 6-4-3 (Groundball, 6, EV 90.0 MPH)
|
| Top of the 4th over - 0 runs, 0 hits, 0 errors, 1 left on base; Quincy 0 - Appleton 2 |
| BOTTOM OF THE 4TH |
|
Appleton Foxes batting - Pitching for Quincy Cubs : RHP Charles Lusted
|
|
Batting: RHB Victor Mata
|
0-0: Ground out 5-3 (Groundball, 56, EV 102.5 MPH)
|
|
Batting: LHB John Csefalvay
|
0-0: Foul Ball, location: 2F 0-1: Ball 1-1: Fly out, F3 (Line Drive, 3, EV 69.4 MPH)
|
|
Batting: RHB Howard Lopes
|
0-0: Ground out 5-3 (Groundball, 56, EV 75.6 MPH)
|
| Bottom of the 4th over - 0 runs, 0 hits, 0 errors, 0 left on base; Quincy 0 - Appleton 2 |
| TOP OF THE 5TH |
|
Quincy Cubs batting - Pitching for Appleton Foxes : RHP George DeMaria
|
|
Batting: RHB Richard Palmer
|
0-0: Ball 1-0: Ball 2-0: Called Strike 2-1: Foul Ball, location: 2F 2-2: Strikes out looking
|
|
Batting: RHB Roger Hansen
|
0-0: Called Strike 0-1: SINGLE (Flyball, 78M, EV 95.6 MPH)
|
|
Batting: RHB Garry Keeton
|
0-0: Foul Ball, location: 2F 0-1: Ball 1-1: Swinging Strike 1-2: Strikes out swinging
|
|
Batting: RHB Alex Juarez
|
0-0: Ball 1-0: Ball 2-0: SINGLE (Groundball, 56D, EV 101.9 MPH) Roger Hansen to second
|
|
Batting: RHB Jack Ayer
|
0-0: Ball 1-0: Foul Ball, location: 2F 1-1: Ball 2-1: Called Strike 2-2: Fly out, F6 (Flyball, 56D, EV 89.4 MPH)
|
| Top of the 5th over - 0 runs, 2 hits, 0 errors, 2 left on base; Quincy 0 - Appleton 2 |
| BOTTOM OF THE 5TH |
|
Appleton Foxes batting - Pitching for Quincy Cubs : RHP Charles Lusted
|
|
Batting: RHB Mike Nipper
|
0-0: Hit by Pitch
|
|
Batting: RHB Philip Sutton
|
0-0: Ball 1-0: Sac Bunt to 2L - play at first, batter OUT! 2-4 Mike Nipper to second
|
|
Batting: LHB Mike Woodard
|
0-0: Ball 1-0: Called Strike 1-1: SINGLE (Line Drive, 8RS, EV 105.6 MPH) Mike Nipper to third
|
|
Batting: SHB Matt Gallegos
|
0-0: Ball 1-0: Foul Ball, location: 2F 1-1: Ball 2-1: Foul Ball, location: 2F 2-2: Ball 3-2: Foul Ball, location: 2F 3-2: Fly out, F9 (Flyball, 9, EV 95.6 MPH) Runner from 3rd tags up, SCORES, throw by RF
|
|
Batting: RHB Chris Brown
|
0-0: Ball Mike Woodard steals 2nd base 1-0: Ground out 6-3 (Groundball, 6, EV 100.6 MPH)
|
| Bottom of the 5th over - 1 run, 1 hit, 0 errors, 1 left on base; Quincy 0 - Appleton 3 |
| TOP OF THE 6TH |
|
Quincy Cubs batting - Pitching for Appleton Foxes : RHP George DeMaria
|
|
Batting: RHB Charles Curry
|
0-0: Ball 1-0: Foul Ball, location: 2F 1-1: Ground out 4-3 (Groundball, 4, EV 83.1 MPH)
|
|
Batting: LHB Dennis Mork
|
0-0: Fly out, F8 (Line Drive, 8RM, EV 94.4 MPH)
|
|
Batting: RHB Jerry Fry
|
0-0: Ball 1-0: Ball 2-0: Called Strike 2-1: Ball 3-1: Called Strike 3-2: Strikes out swinging
|
| Top of the 6th over - 0 runs, 0 hits, 0 errors, 0 left on base; Quincy 0 - Appleton 3 |
| BOTTOM OF THE 6TH |
|
Appleton Foxes batting - Pitching for Quincy Cubs : RHP Charles Lusted
|
|
Batting: RHB Randy Asadoor
|
0-0: Ball 1-0: Foul Ball, location: 2F 1-1: Ball 2-1: SINGLE (Groundball, P, EV 80.0 MPH) (infield hit)
|
|
Batting: RHB Victor Mata
|
0-0: Called Strike 0-1: Grounds into double play, 6-4-3 (Groundball, 6M, EV 85.6 MPH)
|
|
Batting: LHB John Csefalvay
|
0-0: Ball 1-0: Foul Ball, location: 2F 1-1: Ground out U3 (Groundball, 34, EV 101.3 MPH)
|
| Bottom of the 6th over - 0 runs, 1 hit, 0 errors, 0 left on base; Quincy 0 - Appleton 3 |
| TOP OF THE 7TH |
|
Quincy Cubs batting - Pitching for Appleton Foxes : RHP George DeMaria
|
|
Batting: RHB Billy Best
|
0-0: Called Strike 0-1: Ball 1-1: Swinging Strike 1-2: Foul Ball, location: 2F 1-2: Strikes out swinging
|
|
Batting: RHB Richard Palmer
|
0-0: Called Strike 0-1: Ground out 6-3 (Groundball, 6, EV 83.8 MPH)
|
|
Batting: RHB Roger Hansen
|
0-0: Ball 1-0: Swinging Strike 1-1: Foul Ball, location: 2F 1-2: Ball 2-2: Strikes out swinging
|
| Top of the 7th over - 0 runs, 0 hits, 0 errors, 0 left on base; Quincy 0 - Appleton 3 |
| BOTTOM OF THE 7TH |
|
Appleton Foxes batting - Pitching for Quincy Cubs : RHP Charles Lusted
|
|
Batting: RHB Howard Lopes
|
0-0: Foul Ball, location: 2F 0-1: Foul Ball, location: 2F 0-2: Foul Ball, location: 2F 0-2: Ball 1-2: Ball 2-2: Ball 3-2: Foul Ball, location: 2F 3-2: Strikes out swinging
|
|
Batting: RHB Mike Nipper
|
0-0: Ball 1-0: Ball 2-0: Fly out, F9 (Line Drive, 9D, EV 87.5 MPH)
|
|
Batting: RHB Philip Sutton
|
0-0: Ball 1-0: Ball 2-0: Ball 3-0: Called Strike 3-1: Foul Ball, location: 2F 3-2: Foul Ball, location: 2F 3-2: SINGLE (Groundball, 4S, EV 75.6 MPH) (infield hit)
|
|
Batting: LHB Mike Woodard
|
0-0: Ball Philip Sutton is caught stealing 2nd base 2-6
|
| Bottom of the 7th over - 0 runs, 1 hit, 0 errors, 0 left on base; Quincy 0 - Appleton 3 |
| TOP OF THE 8TH |
|
Quincy Cubs batting - Pitching for Appleton Foxes : RHP George DeMaria
|
|
Batting: RHB Garry Keeton
|
0-0: Ball 1-0: Foul Ball, location: 2F 1-1: Foul Ball, location: 2F 1-2: Hit by Pitch
|
|
Batting: RHB Alex Juarez
|
0-0: Called Strike 0-1: Ball 1-1: Called Strike 1-2: Ball 2-2: Fly out, F9 (Flyball, 89M, EV 88.1 MPH)
|
|
Pitching: RHP Jaime Cocanower
|
|
|
Batting: RHB Jack Ayer
|
0-0: Ball 1-0: Ball 2-0: Fly out, F4 (Line Drive, 4, EV 70.0 MPH)
|
|
Batting: RHB Charles Curry
|
0-0: Ball 1-0: Called Strike 1-1: Ball 2-1: Swinging Strike 2-2: Fly out, F9 (Flyball, 9, EV 81.9 MPH)
|
| Top of the 8th over - 0 runs, 0 hits, 0 errors, 1 left on base; Quincy 0 - Appleton 3 |
| BOTTOM OF THE 8TH |
|
Appleton Foxes batting - Pitching for Quincy Cubs : RHP Charles Lusted
|
|
Batting: LHB Mike Woodard
|
0-0: Called Strike 0-1: Ball 1-1: Ball 2-1: Called Strike 2-2: Ground out 6-3 (Groundball, 6, EV 86.3 MPH)
|
|
Batting: SHB Matt Gallegos
|
0-0: Ball 1-0: Foul Ball, location: 2F 1-1: Ground out 4-3 (Groundball, 4M, EV 99.4 MPH)
|
|
Batting: RHB Chris Brown
|
0-0: Foul Ball, location: 2F 0-1: Hit by Pitch
|
|
Batting: RHB Randy Asadoor
|
0-0: Ball 1-0: Ball Chris Brown steals 2nd, throwing error, E2 Chris Brown to third 2-0: Ground out 5-3 (Groundball, 5S, EV 80.6 MPH)
|
| Bottom of the 8th over - 0 runs, 0 hits, 1 error, 1 left on base; Quincy 0 - Appleton 3 |
| TOP OF THE 9TH |
|
Quincy Cubs batting - Pitching for Appleton Foxes : RHP Jaime Cocanower
|
|
Now at 1B: George Hinshaw
|
|
|
Batting: LHB Dennis Mork
|
0-0: Ball 1-0: Ball 2-0: Called Strike 2-1: Ball 3-1: Ground out 4-3 (Groundball, 4M, EV 103.1 MPH)
|
|
Batting: RHB Jerry Fry
|
0-0: Ball 1-0: Called Strike 1-1: Foul Ball, location: 2F 1-2: Ball 2-2: SINGLE (Flyball, 89S, EV 92.5 MPH)
|
|
Batting: RHB Billy Best
|
0-0: Ball 1-0: Called Strike 1-1: DOUBLE (Line Drive, 7LS, EV 96.9 MPH) Jerry Fry to third
|
|
Batting: SHB Willie Perez
|
0-0: Ball 1-0: Ball 2-0: Called Strike 2-1: Foul Ball, location: 2F 2-2: Fly out, F4 (Flyball, 4D, EV 83.1 MPH)
|
|
Batting: RHB Roger Hansen
|
0-0: SINGLE (Groundball, 4D, EV 96.9 MPH) Jerry Fry scores Billy Best to third
|
|
Batting: RHB Garry Keeton
|
0-0: Fly out, F7 (Flyball, 7LS, EV 93.1 MPH)
|
| Top of the 9th over - 1 run, 3 hits, 0 errors, 2 left on base; Quincy 1 - Appleton 3 |
|